Map: White Rabbit LE

Players

Shader - Winner!

  • Race: Zerg Zerg
  • League: Platinum
  • Spawn Location: 1:00

Byegas

  • Race: Terran Terran
  • Spawn Location: 7:00

VOD

Have the link to the VOD?

Description

Time

  • Played on: Nov. 25, 2025, 9:20 a.m.
  • Length: 16:14
Show
View Real Time Build Order
Export as new Build Order

Shader Zerg - Winner!

Build Orders: Hatch First, Zergling Baneling 

Get SALT Encoding   

  12  0:01  Drone  
  13  0:08  Drone  
  14  0:18  Overlord  
  14  0:37  Drone x3  
  17  0:52  Hatchery  
  17  0:55  Extractor  
  15  0:58  Drone  
  16  1:14  Spawning Pool  
  16  1:18  Drone  
  16  1:22  Drone  
  17  1:27  Drone  
  17  1:32  Drone  
  19  1:43  Overlord  
  19  1:52  Drone  
  20  2:00  Queen  
  22  2:07  Queen  
  24  2:11  Zergling x2  
  24  2:14  Drone  
  26  2:16  Zergling x2  
  27  2:23  Metabolic Boost  
  27  2:28  Drone  
  29  2:30  Zergling x2  
  29  2:37  Baneling Nest  
  29  2:39  Drone  
  29  2:42  Zergling x2  
  30  2:56  Zergling x2  
  30  2:58  Zergling x6  
  34  3:03  Drone  
  35  3:09  Overlord  
  35  3:10  Zergling x2  
  35  3:23  Overlord  
  35  3:34  Drone x3  
  38  3:43  Drone, Zergling x6, Hatchery  
  38  3:45  Drone  
  42  3:53  Drone x3  
  45  4:04  Zergling x6  
  45  4:05  Zergling x2  
  41  4:25  Drone x4  
  41  4:27  Lair  
  42  4:31  Baneling x2  
  42  4:36  Baneling x6  
  42  4:39  Zergling x2  
  42  4:43  Drone x3  
  42  4:44  Roach Warren  
  45  4:47  Drone  
  45  4:48  Zergling x2  
  47  4:54  Extractor  
  47  4:55  Zergling x8  
  47  4:57  Zergling x6  
  39  5:20  Zergling x4  
  31  5:23  Roach x2  
  31  5:24  Roach  
  31  5:26  Zergling x10  
  31  5:27  Queen  
  43  5:35  Zergling x2  
  44  5:56  Extractor  
  43  5:58  Extractor  
  43  6:02  Spore Crawler  
  41  6:11  Spore Crawler  
  41  6:15  Roach  
  41  6:16  Roach x2  
  41  6:17  Drone  
  41  6:18  Drone x2  
  49  6:22  Drone  
  49  6:23  Queen, Drone x2  
  54  6:31  Drone x3  
  57  6:40  Drone  
  57  6:41  Overlord  
  57  6:42  Overlord  
  57  6:43  Overlord  
  58  6:49  Centrifugal Hooks  
  58  6:57  Overlord x2  
  58  6:59  Overseer  
  58  7:05  Drone  
  58  7:06  Drone x3  
  58  7:07  Drone  
  63  7:14  Drone x2  
  64  7:26  Drone  
  64  7:27  Drone x2  
  67  7:31  Extractor  
  67  7:33  Drone, Extractor  
  66  7:40  Drone x2  
  66  7:41  Hydralisk Den, Drone x2  
  69  7:47  Drone  
  69  7:49  Drone  
  71  7:53  Drone x6  
  77  7:59  Drone  
  77  8:02  Glial Reconstitution  
  78  8:08  Evolution Chamber  
  78  8:09  Drone x3  
  78  8:10  Drone x3, Evolution Chamber  
  78  8:11  Drone  
  83  8:21  Baneling x14  
  83  8:28  Overlord x3  
  83  8:31  Grooved Spines  
  80  8:36  Spore Crawler  
  75  8:45  Drone x3  
  75  8:46  Hydralisk x2  
  75  8:47  Hydralisk  
  84  9:00  Zerg Missile Weapons Level 1  
  84  9:01  Spire, Zerg Ground Armor Level 1  
  83  9:03  Drone x3  
  83  9:04  Drone  
  83  9:08  Spore Crawler  
  83  9:09  Drone x3  
  89  9:21  Hydralisk x2  
  89  9:23  Hydralisk x3  
  99  9:27  Drone  
  99  9:28  Drone  
  99  9:30  Drone x2  
  103  9:32  Drone  
  104  9:42  Overseer  
  104  9:43  Overseer  
  104  9:45  Overlord  
  104  9:46  Zergling x4  
  104  9:47  Zergling x6  
  109  9:53  Hatchery  
  109  9:59  Overlord  
  108  10:13  Corruptor x3  
  108  10:14  Corruptor x2  
  112  10:18  Hydralisk  
  112  10:20  Overlord x3  
  112  10:21  Overlord x2  
  120  10:27  Muscular Augments  
  120  10:28  Zergling x2  
  121  10:48  Roach x3  
  127  10:54  Zergling x6  
  127  10:55  Zergling x6  
  133  10:59  Zerg Ground Armor Level 2, Zerg Melee Weapons Level 1  
  133  11:06  Infestation Pit  
  133  11:07  Hydralisk  
  133  11:09  Hydralisk x5  
  144  11:21  Roach x3  
  144  11:22  Hydralisk  
  124  11:44  Tunneling Claws  
  124  11:57  Roach x4  
  124  11:58  Roach x2  
  136  12:04  Hatchery  
  136  12:07  Hive  
  135  12:09  Hatchery  
  135  12:11  Drone x2  
  135  12:12  Drone  
  137  12:26  Roach x5  
  137  12:27  Roach x3  
  137  12:28  Overlord x4  
  153  12:33  Burrow  
  153  12:35  Overlord  
  153  12:37  Overlord x2  
  153  12:52  Zerg Missile Weapons Level 2  
  153  13:00  Roach x5  
  153  13:01  Roach  
  153  13:02  Roach x3  
  171  13:10  Roach  
  171  13:11  Roach x8  
  189  13:18  Queen  
  189  13:19  Drone  
  192  13:21  Drone x4  
  192  13:23  Drone x2  
  192  13:25  Queen  
  192  13:26  Overlord  
  200  13:42  Roach x19  
  200  13:47  Roach x19  
  191  14:11  Roach x19  
  191  14:12  Mutalisk x3  
  191  14:15  Mutalisk  
  199  14:24  Roach x19  
  155  14:39  Hydralisk x13  
  123  14:47  Mutalisk  
  123  14:48  Mutalisk x6  
  123  14:49  Mutalisk x3  
  123  14:52  Mutalisk  
  135  14:53  Mutalisk x2  
  135  14:54  Queen  
  135  14:56  Drone x3  
  135  14:57  Extractor  
  135  14:58  Extractor  
  135  14:59  Drone x3  
  147  15:15  Mutalisk x3  
  147  15:16  Mutalisk x2  
  147  15:19  Overlord x2  
  131  15:46  Mutalisk  
  131  15:47  Mutalisk x4  
Show
View Real Time Build Order
Export as new Build Order

Byegas Terran 

Build Orders:  

Get SALT Encoding   

  12  0:00  SCV  
  13  0:12  SCV  
  14  0:17  Supply Depot  
  14  0:25  SCV  
  15  0:38  SCV  
  15  0:40  Barracks  
  16  0:50  SCV  
  16  0:55  Refinery  
  17  1:03  Refinery, SCV  
  18  1:09  Supply Depot  
  18  1:15  SCV  
  19  1:27  SCV  
  19  1:29  Marine  
  21  1:39  SCV  
  22  1:42  Factory  
  22  1:47  Marine  
  22  1:51  SCV  
  24  2:03  SCV  
  24  2:04  Marine  
  26  2:15  Orbital Command  
  26  2:17  Supply Depot  
  26  2:22  Marine  
  26  2:26  Factory Tech Lab  
  27  2:33  Starport  
  27  2:40  Marine  
  28  2:44  Siege Tank  
  31  2:58  Marine  
  32  3:11  Medivac  
  34  3:16  Siege Tank, Marine  
  38  3:30  Supply Depot  
  38  3:33  Marine  
  39  3:45  Medivac  
  41  3:51  Marine  
  42  4:09  Siege Tank, Marine  
  46  4:15  Medivac  
  46  4:27  Marine  
  47  4:41  Siege Tank  
  47  4:45  Marine  
  51  5:03  Marine  
  47  5:20  Marine  
  45  5:30  Siege Tank  
  48  5:38  Marine  
  49  5:55  Command Center, Starport Reactor  
  49  5:56  Marine  
  50  6:02  Siege Tank  
  53  6:14  Marine  
  54  6:32  Marine  
  55  6:34  Siege Tank  
  55  6:37  Refinery  
  58  6:49  Marine  
  58  6:54  SCV  
  60  7:02  Liberator  
  60  7:07  SCV, Siege Tank, Marine  
  68  7:08  Refinery  
  68  7:19  SCV  
  68  7:21  Factory  
  69  7:25  SCV, Marine  
  71  7:31  SCV  
  72  7:37  SCV  
  72  7:39  Siege Tank  
  72  7:43  SCV, Marine  
  78  8:00  Orbital Command  
  78  8:04  Supply Depot  
  78  8:07  Supply Depot  
  78  8:11  SCV, Factory Tech Lab, Viking x2, Marine  
  84  8:17  Factory  
  84  8:23  SCV  
  85  8:35  SCV  
  85  8:41  Viking  
  88  8:47  SCV  
  89  8:59  SCV  
  89  9:02  SCV  
  91  9:04  Factory Tech Lab  
  91  9:07  Siege Tank x2  
  91  9:08  Viking  
  99  9:11  SCV, Viking  
  102  9:22  SCV  
  102  9:24  SCV  
  101  9:34  SCV  
  102  9:44  Armory  
  102  9:45  Armory  
  102  9:50  Command Center  
  102  10:20  SCV  
  101  10:32  SCV  
  100  10:44  SCV  
  100  10:49  Siege Tank  
  102  10:51  Terran Vehicle And Ship Armor Level 1, Siege Tank x2  
  102  10:52  Terran Ship Weapons Level 1  
  102  10:54  Supply Depot  
  102  10:56  SCV  
  109  10:57  Supply Depot  
  109  11:07  Orbital Command  
  109  11:09  SCV  
  110  11:13  Refinery  
  110  11:20  Supply Depot  
  110  11:21  SCV, Supply Depot, Siege Tank  
  110  11:23  Refinery, Siege Tank x2  
  120  11:33  SCV  
  118  11:42  Orbital Command  
  118  11:53  Siege Tank  
  121  11:55  Siege Tank x2  
  121  11:57  Supply Depot x2  
  127  12:08  SCV  
  128  12:17  Viking x2  
  128  12:20  SCV  
  133  12:23  Supply Depot  
  133  12:24  Supply Depot  
  133  12:25  Siege Tank  
  133  12:27  Siege Tank x2  
  142  12:32  SCV, Starport x2  
  143  12:38  Engineering Bay  
  143  12:43  Command Center  
  143  12:44  SCV  
  143  12:46  Terran Vehicle Weapons Level 1  
  143  12:48  Supply Depot  
  144  12:56  SCV  
  144  12:57  Siege Tank  
  148  13:08  SCV  
  149  13:19  Siege Tank x2  
  155  13:20  SCV  
  156  13:29  Siege Tank  
  156  13:31  Starport Reactor x2  
  159  13:36  Starport x2  
  158  13:51  Siege Tank x2  
  147  14:01  Siege Tank  
  133  14:13  Starport Reactor  
  133  14:15  Starport Reactor  
  107  14:58  Viking  
  107  14:59  Viking x6  
  121  15:00  Viking  
  123  15:13  SCV  
  124  15:20  SCV  
  126  15:21  SCV  
  126  15:25  SCV  
  126  15:27  Refinery  
  127  15:28  Viking  
  127  15:29  Viking x6  
  127  15:30  Refinery  
  127  15:32  SCV  
  127  15:33  SCV  
  143  15:38  SCV  
  139  15:44  SCV  
  139  15:45  SCV  
  134  15:50  SCV  
  134  15:56  SCV  
  123  15:57  SCV  
  123  16:02  SCV  
Tags
 
League
Platinum
Matchup
TvZ
Spawn Locations
Cross Positions
Add a new tag
Caveats
  • Supply blocks, unpowered buildings, or Contaminate may cause inaccurate times.
  • Supply counts are checked every 10 seconds.